 Dungeon Crawl Stone Soup version 0.30-a0-365-ge7f957f1db (webtiles) character file.

Game seed: 893282124395281134

9358 Turgor the Geomancer (level 11, -10/84 HPs)
             Began as a Formicid Earth Elementalist on Nov 8, 2022.
             Was a Priest of Cheibriados.
             Mangled by a tengu warrior
             ... wielding a +0 battleaxe
              (11 damage)
             ... on level 9 of the Dungeon on Nov 16, 2022.
             The game lasted 01:22:24 (12163 turns).

Turgor the Geomancer (Formicid Earth Elementalist) Turns: 12163, Time: 01:22:24

Health: -10/84     AC:  5    Str: 23    XL:     11   Next: 72%
Magic:  14/20      EV: 12    Int: 29    God:    Cheibriados [***...]
Gold:   669        SH:  0    Dex: 21    Spells: 1/23 levels left

rFire   . . .      SeeInvis +    A - +2 dagger (elec)
rCold   . . .      Faith    .    (no shield)
rNeg    . . .      Spirit   .    n - +0 leather armour
rPois   .          Reflect  .    (helmet unavailable)
rElec   .          Harm     .    E - +0 cloak
rCorr   .          Rampage  .    (no gloves)
Will    +....                    o - +0 pair of boots
Stlth   ++........               (no amulet)
HPRegen 0.34/turn                O - +6 ring of intelligence
MPRegen 0.17/turn                (no ring)

@: spiked, very slow
A: permanent stasis, dig shafts and tunnels, antennae 3, four strong arms
a: Dig, Shaft Self, Renounce Religion, Bend Time, Temporal Distortion


You were on level 9 of the Dungeon.
You worshipped Cheibriados.
Cheibriados was most pleased with you.
You visited 2 branches of the dungeon, and saw 10 of its levels.
You also visited: Sewer and Bailey.

You collected 669 gold pieces.

Inventory:

Hand Weapons
 i - a +0 war axe
 k - a +0 shortbow
 l - a +2 sling of flaming
 y - a +1 vorpal falchion
 A - a +2 dagger of electrocution (weapon)
 B - a +0 dagger of venom
 F - a +5 morningstar
 K - a +3 halberd
 P - a +6 flail
 Q - a +4 trident of freezing
Missiles
 g - 8 boomerangs (quivered)
 H - 2 curare-tipped darts
 J - 24 poisoned darts
Armour
 c - a +0 ring mail
 n - a +0 leather armour (worn)
 o - a +0 pair of boots (worn)
 E - a +0 cloak (worn)
Magical Staves
 C - a staff of death
Jewellery
 O - a +6 ring of intelligence (left hand)
Wands
 u - a wand of charming (1)
 D - a wand of mindburst (7)
 I - a wand of roots (10)
 L - a wand of quicksilver (4)
 M - a wand of digging (7)
Scrolls
 a - 2 scrolls of brand weapon {unknown}
 e - a scroll of acquirement {unknown}
 f - a scroll of fog
 j - 3 scrolls of enchant weapon
 m - a scroll of enchant armour {unknown}
 t - a scroll of amnesia {unknown}
 v - 3 scrolls of vulnerability
 N - a scroll of blinking {unknown}
 R - a scroll of torment {unknown}
Potions
 b - a potion of magic
 d - 5 potions of might
 h - 2 potions of invisibility
 p - 2 potions of curing
 q - 2 potions of cancellation
 r - 2 potions of attraction
 s - 3 potions of ambrosia {unknown}
 w - 4 potions of flight {unknown}
 z - 2 potions of mutation {unknown}
 G - a potion of lignification {unknown}


   Skills:
 + Level 7.2 Fighting
 + Level 6.4 Ranged Weapons
 * Level 3.3 Armour
 - Level 1.7 Dodging
 - Level 2.4 Stealth
 + Level 6.5 Spellcasting
 - Level 7.0 Conjurations
 * Level 4.7 Transmutations
 - Level 3.0 Ice Magic
 - Level 3.0 Air Magic
 + Level 10.3 Earth Magic
 - Level 3.0 Poison Magic


You had one spell level left.
You knew the following spells:

 Your Spells              Type           Power      Damage    Failure   Level
a - Sandblast             Erth           100%       2d20      1%          1
b - Stone Arrow           Conj/Erth      100%       3d13      1%          3
c - Mephitic Cloud        Conj/Pois/Air  34%        N/A       3%          3
d - Petrify               Tmut/Erth      52%        N/A       2%          4
e - Passwall              Tmut/Erth      43%        N/A       1%          2
f - Frozen Ramparts       Ice            52%        1d8       5%          3
g - Statue Form           Tmut/Erth      34%        N/A       38%         6

Your spell library contained the following spells:

 Spells                   Type           Power      Damage    Failure   Level
 Freeze                   Ice            100%       1d10      1%          1
 Kiss of Death            Conj/Necr      100%       2d13      1%          1
 Necrotise                Necr           36%        1d5       6%          1
 Summon Small Mammal      Summ           36%        N/A       6%          1
 Poisonous Vapours        Pois/Air       52%        N/A       2%          2
 Hailstorm                Conj/Ice       38%        3d9       2%          3
 Cigotuvi's Dreadful Rot  Necr/Pois/Air  42%        N/A       4%          2
 Flame Wave               Conj/Fire      29%        2d9       14%         4
 Sticky Flame             Conj/Fire      29%        2d5       14%         4
 Call Canine Familiar     Summ           9%         N/A       19%         3
 Confusing Touch          Hex            9%         N/A       19%         3
 Gell's Gravitas          Tloc           9%         N/A       19%         3
 Inner Flame              Hex/Fire       9%         N/A       19%         3
 Lesser Beckoning         Tloc           18%        N/A       19%         3
 Summon Guardian Golem    Hex/Summ       9%         N/A       19%         3
 Teleport Other           Tloc           9%         N/A       19%         3
 Vampiric Draining        Necr           9%         2d6       19%         3
 Dispel Undead            Necr           9%         3d8       52%         4
 Metabolic Englaciation   Hex/Ice        9%         N/A       67%         5
 Agony                    Necr           9%         N/A       86%         5


Dungeon Overview and Level Annotations

Branches:
Dungeon (9/15)             Temple (1/1) D:7           Sewer (visited)
 Bailey (visited)
   Lair: D:8-11         Orc: D:9-12

Altars:
Ashenzari
Cheibriados
Dithmenos
Fedhas
Gozag
Hepliaklqana
Kikubaaqudgha
Makhleb
Qazlal
Ru
Sif Muna
Trog
Uskayaw
Vehumet
Wu Jian
Yredelemnul
Zin
The Shining One


Innate Abilities, Weirdness & Mutations

You cannot be hasted, slowed, berserked, paralysed or teleported.
You can dig through walls and to a lower floor.
You have a pair of large antennae on your head. (SInv)
Your four strong arms can wield two-handed weapons with a shield.


Message History

You puncture the tengu warrior!
Lightning courses through the tengu warrior!
The tengu warrior is lightly wounded.
The manticore flicks its tail.
The volley of spikes hits you!!
The barbed spikes become lodged in your body.
The helpless tengu warrior fails to defend itself.
You puncture the tengu warrior!
The tengu warrior is moderately wounded.
The tengu warrior is no longer petrified.
The tengu warrior unwields a +0 arbalest.
The tengu warrior wields a +0 battleaxe.
The tengu warrior closely misses you. The tengu warrior pecks you.
The tengu warrior claws you but does no damage.
You hit the tengu warrior but do no damage.
Lightning courses through the tengu warrior!
The tengu warrior is heavily wounded.
A shadow comes into view.
The manticore closely misses you. x2
The manticore claws you but does no damage.
The tengu warrior hits you with a +0 battleaxe.
The tengu warrior pecks you.
* * * LOW HITPOINT WARNING * * *
The tengu warrior claws you.
* * * LOW HITPOINT WARNING * * *
Unknown command.
Okay, then.
Unknown command.
Okay, then.
Unknown command.
Aiming: Charm
Press: ? - help, Shift-Dir - straight line, f - manticore, p - tengu warrior
Aim: a manticore (chance to affect: 31%)
The manticore easily resists.
The manticore bites you!
* * * LOW HITPOINT WARNING * * *
The manticore claws you.
* * * LOW HITPOINT WARNING * * *
The manticore closely misses you.
The tengu warrior hits you with a +0 battleaxe!
You die...

#.#.......#'##### #.#.###..##[#
#.#.....[##.# #.#....#.##.#####
#.#......[#......
#.#....#††#...... ####
#.#......<'...... ...###
##H##......#......
#.##.###########@Q....W)[.+......
#.##.##.....)...>.........#......
.....##.###########.....###......
#.##.##.# #.................#+###
#.#####.# #.###.......#####.#.#
...# #.# #.##.......<'...#.#.#
#.## #.# #.##.......[###.#.#.#
#'## #.# #.##........+.#.#.#.#
#..####.# #.##...(....#.#.#.#.#


You could see a tengu warrior, a manticore and a shadow.

Vanquished Creatures
  2 centaur warriors (D:9)
  A deep elf pyromancer (D:9)
  2 slime creatures (D:9)
  11 yaks
  Eustachio (D:4)
  Menkaure (D:7)
  An acid dragon (D:9)
  2 black bears
  2 ice beasts
  10 orc warriors (Bailey)
  A sky beast (D:7)
  3 ogres
  2 phantoms
  5 centaurs
  2 bullfrogs
  4 kobold brigands
  3 necrophages
  6 scorpions
  14 wights
  A killer bee (D:5)
  7 howler monkeys
  3 hounds
  5 orc priests
  2 jellies
  Crazy Yiuf (D:4)
  3 gnoll boudas
  An iguana (D:7)
  Ijyb (D:4)
  4 orc wizards
  10 gnolls
  10 adders
  5 river rats (Sewer)
  A white imp (D:6)
  An ufetubus (D:5)
  A worm (D:4)
  3 dart slugs
  36 orcs
  5 bats
  A bat skeleton (D:2)
  7 endoplasms
  4 giant cockroaches
  3 goblins (D:4)
  7 hobgoblins
  5 quokkas (D:4)
  8 ball pythons
  A ball python skeleton (D:2)
  40 kobolds
  A quokka zombie (D:2)
  25 rats
275 creatures vanquished.

Vanquished Creatures (collateral kills)
  A black bear (D:6)
  4 wights (D:7)
  A hound (D:7)
6 creatures vanquished.

Grand Total: 281 creatures vanquished

Notes
Turn   | Place    | Note
-------+----------+-------------------------------------------
     0 | D:1      | Turgor the Formicid Earth Elementalist began the quest for
                  | the Orb.
     0 | D:1      | Reached XP level 1. HP: 13/13 MP: 3/3
   180 | D:1      | Reached XP level 2. HP: 20/20 MP: 0/5
   715 | D:2      | Reached skill level 4 in Earth Magic
   809 | D:2      | Reached skill level 1 in Fighting
   809 | D:2      | Reached XP level 3. HP: 26/26 MP: 2/7
  1034 | D:2      | Reached skill level 1 in Ranged Weapons
  1034 | D:2      | Reached XP level 4. HP: 16/32 MP: 8/8
  1130 | D:2      | Learned a level 3 spell: Stone Arrow
  2102 | D:3      | Reached XP level 5. HP: 36/37 MP: 6/9
  2260 | D:3      | Reached skill level 1 in Conjurations
  2355 | D:4      | Found a glowing drain.
  2368 | Sewer    | Entered a sewer
  2560 | Sewer    | Reached skill level 5 in Earth Magic
  2662 | Sewer    | Reached XP level 6. HP: 44/44 MP: 11/11
  3243 | D:4      | Noticed an ogre
  3254 | D:4      | Killed an ogre
  3255 | D:4      | Reached XP level 7. HP: 51/51 MP: 9/12
  3833 | D:4      | Reached skill level 6 in Earth Magic
  3844 | D:4      | Upgraded the game from 0.30-a0-358-g0d69a1922f to
                  | 0.30-a0-365-ge7f957f1db
  3909 | D:4      | Noticed Eustachio
  3932 | D:4      | Killed Eustachio
  3998 | D:4      | Reached XP level 8. HP: 52/58 MP: 11/14
  4145 | D:4      | Noticed Ijyb
  4149 | D:4      | Killed Ijyb
  4238 | D:4      | Found a runed translucent door.
  4239 | D:4      | Noticed Crazy Yiuf
  4469 | D:4      | Killed Crazy Yiuf
  4547 | D:5      | Entered Level 5 of the Dungeon
  4702 | D:5      | Reached skill level 7 in Earth Magic
  5145 | D:5      | Reached XP level 9. HP: 65/65 MP: 13/16
  5274 | D:5      | Reached skill level 5 in Spellcasting
  5381 | D:5      | Reached skill level 8 in Earth Magic
  5654 | D:6      | Reached skill level 5 in Conjurations
  6731 | D:6      | Learned a level 3 spell: Mephitic Cloud
  6736 | D:6      | Learned a level 4 spell: Petrify
  6739 | D:6      | Learned a level 2 spell: Passwall
  7016 | D:7      | Found a staircase to the Ecumenical Temple.
  7033 | D:7      | Reached skill level 5 in Fighting
  7033 | D:7      | Reached skill level 1 in Air Magic
  7033 | D:7      | Reached skill level 1 in Poison Magic
  7035 | D:7      | Reached skill level 9 in Earth Magic
  7036 | D:7      | Reached XP level 10. HP: 53/74 MP: 10/18
  7037 | Temple   | Entered the Ecumenical Temple
  7195 | Temple   | Became a worshipper of Cheibriados the Contemplative
  7283 | D:7      | Found a flagged portal.
  7289 | Bailey   | Entered a bailey
  8055 | Bailey   | Identified the +0 plate armour of Okawaru's Benevolence
                  | {Rampage rPois rCorr Str-3}
  8719 | D:7      | Noticed Menkaure
  8722 | D:7      | Killed Menkaure
  9050 | D:8      | Reached * piety under Cheibriados
  9177 | D:8      | Reached skill level 5 in Ranged Weapons
  9404 | D:8      | Found a hide-covered altar of Uskayaw.
  9404 | D:8      | Found a burning altar of Makhleb.
  9493 | D:8      | Learned a level 3 spell: Frozen Ramparts
  9945 | D:9      | Reached ** piety under Cheibriados
  9946 | D:9      | Reached skill level 10 in Earth Magic
  9949 | D:9      | Reached skill level 1 in Ice Magic
 10146 | D:9      | Reached XP level 11. HP: 62/81 MP: 18/20
 10721 | D:9      | Learned a level 6 spell: Statue Form
 11100 | D:9      | Reached skill level 1 in Armour
 11174 | D:9      | Noticed a centaur warrior
 11182 | D:9      | Killed a centaur warrior
 11366 | D:9      | Noticed a centaur warrior
 11439 | D:9      | Killed a centaur warrior
 11614 | D:9      | Noticed a deep elf pyromancer
 11625 | D:9      | Killed a deep elf pyromancer
 11799 | D:9      | Reached *** piety under Cheibriados
 12147 | D:9      | Noticed a tengu warrior
 12153 | D:9      | Noticed a manticore
 12163 | D:9      | HP: 1/84 [manticore (4)]
 12163 | D:9      | Mangled by a tengu warrior

Illustrated notes

Levels and vault maps discovered:
D:1:      mrwooster_arrival_arrow, layout_rooms
D:2:      layout_basic, serial_undead, serial_undead_b, serial_undead_b,
          serial_undead_a, serial_undead_c, serial_undead_c,
          kennysheep_generic_room_2
D:3:      layout_rooms
D:4:      layout_loops_ring, gup_sewer_entry_pipe, uniq_crazy_yiuf_cottage,
          uniq_eustachio, uniq_ijyb
D:5:      layout_cave_pools, small_statue_intersection, st_stairs_13
D:6:      kb_forest_paths, layout_loops_corners, hangedman_glass_teeth
D:7:      layout_cave_pods, minmay_temple_entry_stoned_glass, enter_bailey_2,
          uniq_menkaure
D:8:      layout_rooms, nicolae_overflow_two_pavilions, serial_park_tiny_2,
          nicolae_benzene_ring
D:9:      hangedman_cross_veins, layout_basic
Temple:   mainiacjoe_temple_big_plus

Skill      XL: |  1  2  3  4  5  6  7  8  9 10 11 |
---------------+----------------------------------+-----
Earth Magic    | 4 5 6 7 9 10 | 10.3
Fighting       | 1 2 3 4 5 6 7 |  7.2
Spellcasting   | 3 4 5 6 |  6.5
Ranged Weapons | 1 2 3 4 5 6 |  6.4
Conjurations   | 1 2 3 4 5 6 7 |  7.0
Air Magic      | 1 3 |  3.0
Poison Magic   | 1 3 |  3.0
Transmutations | 3 4 |  4.7
Ice Magic      | 1 3 |  3.0
Armour         | 3 |  3.3
Dodging        | |  1.7
Stealth        | |  2.4

Action                   |  1- 3 |  4- 6 |  7- 9 | 10-12 || total
-------------------------+-------+-------+-------+-------++-------
Melee: Unarmed           |     1 |       |       |       ||     1
       Dagger            |       |       |     9 |     3 ||    12
 Fire: Sling             |    28 |   159 |    92 |   128 ||   407
Throw: Dart              |       |     2 |    15 |       ||    17
 Cast: Sandblast         |    18 |    67 |   130 |    57 ||   272
       Stone Arrow       |       |       |     9 |    99 ||   108
       Frozen Ramparts   |       |       |       |     6 ||     6
       Petrify           |       |       |       |     2 ||     2
       Passwall          |       |       |       |     1 ||     1
Evoke: Wand              |       |       |     1 |    12 ||    13
  Use: Potion            |       |       |     1 |     4 ||     5
       Scroll            |       |       |    12 |     3 ||    15
 Stab: Petrified         |       |       |       |     2 ||     2
Armor: Leather armour    |     2 |    31 |    21 |    20 ||    74
Dodge: Dodged            |     9 |    49 |    50 |    44 ||   152

Table legend: (Time is in decaauts)
 A = Elapsed time spent in this place.
 B = Non-inter-level travel time spent in this place.
 C = Inter-level travel time spent in this place.
 D = Time resting spent in this place.
 E = Time spent auto-exploring this place.
 F = Levels seen in this place.
 G = Mean time per level.
                   A        B        C        D        E       F      G
               +--------+--------+--------+--------+--------+-----+--------+
         Total |  13353 |  12941 |    412 |   2984 |   6348 |  12 | 1112.8 |
       Dungeon |  11131 |  10745 |    386 |   2357 |   5988 |   9 | 1236.8 |
        Temple |    186 |    160 |     26 |      0 |      0 |   1 |  186.0 |
         Sewer |    933 |    933 |      0 |    158 |    268 |   1 |  933.0 |
        Bailey |   1102 |   1102 |      0 |    468 |     91 |   1 | 1102.0 |
               +--------+--------+--------+--------+--------+-----+--------+

Top non-repeatable levels by time:
     D:9: 2298 daAuts
     D:4: 1564 daAuts
     D:8: 1511 daAuts
     D:6: 1329 daAuts
     D:2: 1258 daAuts
  Bailey: 1102 daAuts
     D:7: 1101 daAuts
     D:5: 966 daAuts
   Sewer: 933 daAuts
     D:3: 562 daAuts
     D:1: 540 daAuts
  Temple: 186 daAuts
